details: 'kotgkillorc'

« prev index next »

General information

Mini Map

Players

team 1
Random» NightElfgaybabby420 (orange | 155 APM | 2611 actions | 16:53)
Hero icon 5 Keeper of the Grove
Ability icon 3 Entangling Roots
Ability icon 2 Thorns Aura

» actions
Assign group hotkey840
Basic commands62
Build / train74
ESC pressed8
Enter build submenu19
Enter hero's abilities submenu5
Give item / drop item5
Remove unit from queue1
Right click945
Select / deselect180
Select group hotkey419
Use ability53
2611 total
» units
Wisp16
Huntress14
Glaive Thrower8
38 total
» upgrades
Moon Armor1
Strength of the Moon2
Ultravision1
Vorpal Blades1
Nature's Blessing1
6 total
» buildings
Altar of Elders2
Moon Well6
Ancient of War2
Hunter's Hall1
Tree of Life2
Ancient of Wonders1
Tree of Ages1
15 total
» build order
00:02 Altar of Elders
00:06 Altar of Elders
00:18 Moon Well
00:56 Ancient of War
01:56 Hunter's Hall
02:19 Moon Well
02:29 Ancient of War
03:12 Tree of Life
04:49 Moon Well
05:12 Ancient of Wonders
06:55 Moon Well
08:22 Moon Well
11:39 Moon Well
11:41 Tree of Ages
13:53 Tree of Life
» items
Boots of Speed1
Dust of Appearance2
Potion of Lesser Invulnerability2
Scroll of Healing2
Periapt of Vitality1
8 total
team 2
OrcP0lux (blue | 125 APM | 2101 actions | 16:52)
Hero icon 4 Blademaster
Ability icon 2 Wind Walk
Ability icon 2 Critical Strike
Hero icon 2 Shadow Hunter
Ability icon 1 Hex
Ability icon 1 Healing Wave

» actions
Assign group hotkey55
Basic commands141
Build / train75
Enter build submenu17
Enter hero's abilities submenu6
Give item / drop item1
Right click651
Select / deselect418
Select group hotkey626
Use ability111
2101 total
» units
Peon11
Grunt10
Raider7
Spirit Walker2
Demolisher4
34 total
» upgrades
Ensnare1
Spirit Walker Training1
2 total
» buildings
Altar of Storms1
Orc Burrow6
Barracks1
Voodoo Lounge1
War Mill1
Stronghold6
Watch Tower3
Spirit Lodge1
Beastiary1
21 total
» build order
00:09 Altar of Storms
00:19 Orc Burrow
00:35 Barracks
01:35 Orc Burrow
01:54 Voodoo Lounge
02:35 War Mill
03:18 Stronghold
03:18 Stronghold
03:19 Stronghold
03:19 Stronghold
03:32 Orc Burrow
04:08 Watch Tower
05:43 Spirit Lodge
05:46 Beastiary
06:01 Watch Tower
06:14 Orc Burrow
09:05 Watch Tower
09:21 Orc Burrow
13:32 Orc Burrow
» items
Healing Salve4
Lesser Clarity Potion3
Dust of Appearance1
Scroll of Speed2
Potion of Healing7
Scroll of Town Portal1
Potion of Lesser Invulnerability1
19 total